 Dungeon Crawl Stone Soup version 0.28-a0-1638-g9123634e07 (webtiles) character file.

Game seed: 17574158443875852975

112 bande the Covered (level 4, -1/29 HPs)
             Began as a Gargoyle Fighter on Jan 25, 2022.
             Was an Initiate of Okawaru.
             Slain by a hornet zombie (11 damage)
             ... on level 3 of the Dungeon.
             The game lasted 00:03:26 (3443 turns).

bande the Covered (Gargoyle Fighter)                Turns: 3443, Time: 00:03:26

Health: -1/29      AC: 10    Str: 20    XL:     4   Next: 95%
Magic:  4/4        EV:  9    Int:  8    God:    Okawaru [......]
Gold:   185        SH:  4    Dex: 11    Spells: 3/3 levels left

rFire   . . .      SeeInvis .   a - +0 war axe
rCold   . . .      Faith    .   c - +0 buckler
rNeg    + . .      Spirit   .   b - +0 scale mail
rPois   ∞          Reflect  .   (no helmet)
rElec   +          Harm     .   (no cloak)
rCorr   .          Rampage  .   (no gloves)
Will    .....                   (no boots)
Stlth   ..........              (no amulet)
HPRegen 0.09/turn               (no ring)
MPRegen 0.09/turn               (no ring)

@: no status effects
A: sickness immunity, AC +3, negative energy resistance 1, electricity
resistance, torment resistance 1, petrification resistance
a: Renounce Religion


You were on level 3 of the Dungeon.
You worshipped Okawaru.
Okawaru was noncommittal.
You visited 1 branch of the dungeon, and saw 3 of its levels.

You collected 185 gold pieces.

Inventory:

Hand Weapons
 a - a +0 war axe (weapon)
 g - a +0 flail
Armour
 b - a +0 scale mail (worn)
 c - a +0 buckler (worn)
Potions
 d - a potion of might
 e - a potion of haste
 f - a potion of heal wounds


   Skills:
 + Level 3.7 Fighting
 + Level 3.2 Axes
 + Level 4.1 Armour
 + Level 4.0 Shields


You had 3 spell levels left.
You didn't know any spells.
Your spell library was empty.

Dungeon Overview and Level Annotations

Branches:
Dungeon (3/15)

Altars:
Okawaru

Shops:
D:3 [


Innate Abilities, Weirdness & Mutations

You are immune to sickness and miasma.
Your stone body is resilient. (AC +3)
You are immune to poison.
You resist negative energy. (rN+)
You are resistant to electric shocks. (rElec)
You are resistant to unholy torment.
You are immune to petrification.


Message History

You hit the hornet zombie but do no damage.
You barely miss the hobgoblin. The hornet zombie barely misses you.
The hobgoblin barely misses you. The hornet zombie barely misses you.
You closely miss the hornet zombie. You closely miss the hobgoblin.
The hornet zombie barely misses you. You block the hobgoblin's attack.
The hornet zombie barely misses you.
You barely miss the hornet zombie. You barely miss the hobgoblin.
You block the hobgoblin's attack.
The hornet zombie hits you but does no damage.
The hobgoblin hits you. The hornet zombie hits you.
You barely miss the hornet zombie. You barely miss the hobgoblin.
The hornet zombie closely misses you.
The hobgoblin hits you but does no damage.
You barely miss the hornet zombie. You closely miss the hobgoblin.
The hornet zombie hits you.
The hobgoblin hits you but does no damage.
You block the hornet zombie's attack.
You are too injured to fight recklessly!
You are too injured to fight recklessly!
You are too injured to fight recklessly!
You are too injured to fight recklessly!
You are too injured to fight recklessly!
You are too injured to fight recklessly!
You are too injured to fight recklessly!
You are too injured to fight recklessly!
You barely miss the hornet zombie. You barely miss the hobgoblin.
The hornet zombie hits you but does no damage.
The hobgoblin hits you but does no damage.
The hornet zombie hits you. The hobgoblin closely misses you.
You hit the hornet zombie.
The hornet zombie is lightly damaged.
You hit the hobgoblin.
The hornet zombie hits you but does no damage.
The hobgoblin closely misses you.
You barely miss the hornet zombie.
The hornet zombie is lightly damaged.
You closely miss the hobgoblin. You block the hornet zombie's attack.
The hobgoblin hits you but does no damage.
The hornet zombie hits you!
You die...

.........##....≈≈≈≈..........##..
...........................>.##..
#...#..................####......
###.............##.###.#.....####
....#.<............###...##..# #
.####.......................## #
## #.......................># #
#.....†.....................# #
................@...........#####
#.##..##..#####gZ................
..##.#. ..# ......#.....######.#
## #. ...................<.....
.. .#....................... #..
.............###........
...............##..#.#..
............##. ##.#.### ##..##.


You could see a hornet zombie and a hobgoblin.

Vanquished Creatures
  3 adders
  A worm (D:3)
  4 dart slugs
  An orc (D:3)
  7 ball pythons
  7 endoplasms
  2 giant cockroaches (D:1)
  2 goblins (D:2)
  8 hobgoblins
  12 jackals (D:1)
  7 kobolds
  A quokka (D:2)
  7 bats
  2 rats (D:1)
64 creatures vanquished.

Notes
Turn   | Place    | Note
-------+----------+-------------------------------------------
     0 | D:1      | bande the Gargoyle Fighter began the quest for the Orb.
     0 | D:1      | Reached XP level 1. HP: 14/14 MP: 1/1
    59 | D:1      | Reached XP level 2. HP: 10/19 MP: 2/2
   778 | D:1      | Reached XP level 3. HP: 19/23 MP: 3/3
  1802 | D:2      | Reached XP level 4. HP: 28/28 MP: 4/4
  3317 | D:3      | Found an iron altar of Okawaru.
  3336 | D:3      | Became a worshipper of Warmaster Okawaru
  3386 | D:3      | Found Juzi's Armour Shoppe.
  3443 | D:3      | Slain by a hornet zombie

Illustrated notes

Levels and vault maps discovered:
D:1:      heliophobic_arrival_henge, layout_basic, minmay_tetromino_i2
D:2:      layout_basic, nrook_loot_triangle, minmay_misc_feat_plants
D:3:      layout_rooms, nicolae_overflow_crystal_walls,
          nicolae_dithmenos_through_a_glass_darkly, serial_shops,
          nicolae_shop_stone, serial_park_tiny_pond, chequers_avenue,
          uniq_crazy_yiuf_cottage

Skill      XL: |  1  2  3  4 |
---------------+-------------+-----
Axes           | 2 3 |  3.2
Armour         | 4 |  4.1
Shields        | 4 |  4.0
Fighting       | |  3.7

Action                   |  1- 3 |  4- 6 || total
-------------------------+-------+-------++-------
Melee: War axe           |    84 |   127 ||   211
  Use: Scroll            |     3 |     3 ||     6
Armor: Scale mail        |    46 |    88 ||   134
Dodge: Dodged            |    47 |    76 ||   123
Block: Buckler           |    21 |    32 ||    53

Table legend: (Time is in decaauts)
 A = Elapsed time spent in this place.
 B = Non-inter-level travel time spent in this place.
 C = Inter-level travel time spent in this place.
 D = Time resting spent in this place.
 E = Time spent auto-exploring this place.
 F = Levels seen in this place.
 G = Mean time per level.
                   A        B        C        D        E       F      G
               +--------+--------+--------+--------+--------+-----+--------+
         Total |   3528 |   3505 |     23 |    877 |   2075 |   3 | 1176.0 |
       Dungeon |   3528 |   3505 |     23 |    877 |   2075 |   3 | 1176.0 |
               +--------+--------+--------+--------+--------+-----+--------+

Top non-repeatable levels by time:
     D:1: 1640 daAuts
     D:2: 1216 daAuts
     D:3: 671 daAuts
